 Dungeon Crawl Stone Soup version 0.16.1-2-g95b8d4c (webtiles) character file.

251 ventricule the Vexing (level 6, -2/38 HPs)
             Began as an Octopode Arcane Marksman on Mar 24, 2015.
             Was an Initiate of Fedhas.
             Slain by an adder (5 damage)
             ... on level 3 of the Dungeon.
             The game lasted 00:22:49 (5480 turns).

ventricule the Vexing (Octopode Arcane Marksman)    Turns: 5480, Time: 00:22:50

Health: -2/38      AC:  1    Str: 13    XL:     6   Next: 13%
Magic:  11/13      EV: 13    Int: 17    God:    Fedhas [......]
Gold:   104        SH:  0    Dex: 12    Spells: 3 memorised, 5 levels left

rFire  . . .     SeeInvis +     b - +0 shortbow
rCold  . . .     Clarity  .     (no shield)
rNeg   . . .     SustAb   .     (helmet restricted)
rPois  .         Gourm    .     (no amulet)
rElec  .         Spirit   .     e - +3 ring of strength (curse)
rCorr  .         Warding  .     g - ring of see invisible
rMut   .         Stasis   .     o - ring of loudness (curse)
MR     .....                    (no ring)
Stlth  ++........               (no ring)
                                (no ring)
                                (no ring)
                                (no ring)

@: lethally poisoned (-2 -> -10), not resistant to hostile enchantments,
unstealthy
A: almost no armour, amphibious, 8 rings, constrict 8, camouflage 1, gelatinous
body 1
a: Renounce Religion


You were on level 3 of the Dungeon.
You worshipped Fedhas.
Fedhas was noncommittal.
You were very hungry.

You visited 1 branch of the dungeon, and saw 4 of its levels.

You collected 104 gold pieces.

Inventory:

Hand weapons
 a - a +1 whip of freezing
 b - a +0 shortbow (weapon)
 q - a -2 dagger
Missiles
 c - 53 arrows (quivered)
 k - 11 poisoned arrows
Magical staves
 u - an uncursed staff of death {unknown}
Jewellery
 e - a cursed +3 ring of strength (left tentacle)
 g - a ring of see invisible (right tentacle)
 o - a cursed ring of loudness (on tentacle)
Scrolls
 h - 2 scrolls of teleportation
 l - 8 scrolls of identify
 m - 2 scrolls of random uselessness
 w - a scroll of enchant armour
Potions
 n - 2 potions of agility
 r - a potion of lignification {unknown}
Books
 d - a book of Debilitation

   Spells                             Type                      Level
   a - Corona                         Hexes                        1
   b - Slow                           Hexes                        2
   c - Inner Flame                    Hexes/Fire                   3
   d - Enslavement                    Hexes                        4
   e - Cause Fear                     Hexes                        4
   f - Leda's Liquefaction            Hexes/Earth                  4
 v - a book of Battle

   Spells                             Type                      Level
   a - Infusion                       Charms                       1
   b - Shroud of Golubria             Charms/Translocation         2
   c - Song of Slaying                Charms                       2
   d - Spectral Weapon                Hexes/Charms                 3
   e - Regeneration                   Charms/Necromancy            3
Comestibles
 f - 2 bread rations
 i - 3 meat rations
 p - 5 fruits
 x - 2 beef jerkies


   Skills:
 - Level 1.0 Fighting
 * Level 3.1 Bows
 + Level 3.0 Dodging
 + Level 2.0 Stealth
 + Level 3.1 Spellcasting
 + Level 4.1 Hexes


You had 5 spell levels left.
You knew the following spells:

 Your Spells              Type           Power        Failure   Level  Hunger
a - Corona                Hex            ###....      3%          1    None
b - Slow                  Hex            ###.....     6%          2    ##.....
c - Inner Flame           Hex/Fire       #.......     24%         3    ###....


Dungeon Overview and Level Annotations

Branches:
Dungeon (4/15)
 Temple: D:4-7

Altars:
Dithmenos
Fedhas
Kikubaaqudgha
Nemelex Xobeh

Shops:
D:4 !

Annotations:
D:4 Eustachio


Innate Abilities, Weirdness & Mutations

You cannot wear most types of armour.
You are amphibious.
You can wear up to eight rings at the same time.
You can use your tentacles to constrict many enemies at once.
Your skin changes colour to match your surroundings (Stealth).
Your rubbery body absorbs attacks (AC +1).


Message History

You shoot an arrow. The arrow misses the adder.
You feel sick. The adder closely misses you. The adder bites you.
* * * LOW HITPOINT WARNING * * *
You are more poisoned.
The adder poisons you!
Firing (i - inventory. (,) - cycle):
c - 55 arrows (quivered)
Press: ? - help, Shift-Dir - straight line, f/p - adder
Aim: an adder (severely wounded)
You shoot an arrow. The arrow hits the adder.
The adder is severely wounded.
* * * LOW HITPOINT WARNING * * *
You feel sick. The adder closely misses you.
Firing (i - inventory. (,) - cycle):
c - 54 arrows (quivered)
Press: ? - help, Shift-Dir - straight line, f/p - adder
Aim: an adder (severely wounded)
You shoot an arrow. The arrow barely misses the adder.
* * * LOW HITPOINT WARNING * * *
You feel sick. The adder bites you.
You die...
Fedhas appreciates your contribution to the ecosystem.

..>.#.....# #.####........##....
......########..#####............
....#.# ##............##...###(..
...##.###..####.#########........
......#...#####.#########...##...
........#####(..............#####
........###.........######.......
......#........S....(.......#####
.....#######....@...#########
###### #......).# ## #........#
.# #........# .# #........# .#
#........# .# ########## .# .#


You could see an adder.

Vanquished Creatures
  An ogre (D:4)
  A worker ant (D:4)
  A hound skeleton (D:4)
  4 adders
  2 worms
  An adder skeleton (D:4)
  4 giant geckos
  An ooze (D:3)
  2 orcs
  8 goblins
  7 hobgoblins
  6 jackals (D:1)
  10 kobolds
  A quokka (D:3)
  A ball python (D:1)
  5 bats
  7 giant cockroaches
  9 giant newts
  10 rats
81 creatures vanquished.

Vanquished Creatures (others)
  A toadstool (D:3)
1 creature vanquished.

Grand Total: 82 creatures vanquished

Notes
Turn   | Place    | Note
--------------------------------------------------------------
     0 | D:1      | ventricule, the Octopode Arcane Marksman, began the quest for the Orb.
     0 | D:1      | Reached XP level 1. HP: 13/13 MP: 2/2
   615 | D:1      | Reached XP level 2. HP: 18/18 MP: 1/3
  1056 | D:1      | Learned a level 2 spell: Slow
  1583 | D:1      | Reached skill level 1 in Stealth
  1583 | D:1      | Reached XP level 3. HP: 19/23 MP: 1/4
  2373 | D:2      | Found a shadowy altar of Dithmenos.
  2704 | D:2      | Reached XP level 4. HP: 28/28 MP: 4/6
  2936 | D:2      | Learned a level 3 spell: Inner Flame
  4451 | D:3      | Reached XP level 5. HP: 17/33 MP: 7/9
  4669 | D:3      | Found a blossoming altar of Fedhas.
  4688 | D:3      | Found an ancient bone altar of Kikubaaqudgha.
  4694 | D:3      | Became a worshipper of Fedhas Madash
  5018 | D:4      | Reached skill level 4 in Hexes
  5231 | D:4      | Found a sparkling altar of Nemelex Xobeh.
  5231 | D:4      | Noticed an ogre
  5255 | D:4      | Killed an ogre
  5255 | D:4      | Reached XP level 6. HP: 38/38 MP: 5/12
  5281 | D:4      | Found Zoymuth's Distillery.
  5424 | D:4      | Noticed a phantom
  5450 | D:4      | Noticed Eustachio
  5480 | D:3      | Slain by an adder

Action                   |  1- 3 |  4- 6 || total
-------------------------+-------+-------++-------
Melee: Unarmed           |    90 |    10 ||   100
       Dagger            |       |    94 ||    94
       Whip              |       |    17 ||    17
 Fire: Shortbow          |     9 |    31 ||    40
 Cast: Corona            |    40 |    51 ||    91
       Slow              |     1 |    15 ||    16
  Use: Scroll            |     4 |     2 ||     6
       Potion            |       |     4 ||     4
  Eat: Chunk             |     6 |    10 ||    16
